 Dungeon Sprint DCSS version 0.22-a0-423-g4197694 (webtiles) character file.

255 Kidiri the Covert (level 5, 0/25 (27) HPs)
             Began as a Spriggan Enchanter on May 23, 2018.
             Slain by a necrophage (5 damage)
             ... in the Dungeon (Sprint II: "The Violet Keep of Menkaure").
             The game lasted 00:01:09 (102 turns).

Kidiri the Covert (Spriggan Enchanter)               Turns: 102, Time: 00:01:10

HP:   0/25 (27)     AC:  2    Str:  4    XL:     5   Next: 91%
MP:   8/15          EV: 24    Int: 16    God:
Gold: 0             SH:  0    Dex: 18    Spells: 16/17 levels left

rFire    . . .     SeeInvis +   a - +1 dagger
rCold    . . .     Gourm    .   (shield restricted)
rNeg     . . .     Faith    .   b - +0 robe
rPois    .         Spirit   .   (helmet restricted)
rElec    .         Reflect  .   (no cloak)
rCorr    .         Harm     .   (gloves unavailable)
MR       .....     NoTele   +   (boots unavailable)
Stlth    ++++......             (no amulet)
HPRegen  0.00/turn              (no ring)
MPRegen  0.14/turn              (no ring)

@: non-regenerating, diseased, very quick
A: very small, unfitting armour, see invisible, herbivore, speed 3, slow
metabolism 2
a: no special abilities


You were in the Dungeon.
You were not hungry.

You visited 1 branch

Inventory:

Hand Weapons
 a - a +1 dagger (weapon)
Armour
 b - a +0 robe (worn)
Scrolls
 j - a scroll of blinking
Potions
 g - a potion of haste
 h - 2 potions of magic
Comestibles
 d - a ration


   Skills:
 + Level 2.7 Fighting
 * Level 5.7 Short Blades
 + Level 2.5 Armour
 * Level 8.0 Dodging
 * Level 9.2 Stealth
 * Level 6.8 Spellcasting
 + Level 5.6 Hexes


You had 16 spell levels left.
You knew the following spells:

 Your Spells              Type           Power        Failure   Level  Hunger
a - Corona                Hex            ###....      1%          1    None

Your spell library contained the following spells:

 Spells                   Type           Power        Failure   Level  Hunger
 Confuse                  Hex            ###.....     3%          3    ##.....
 Tukima's Dance           Hex            ###.....     3%          3    ##.....
 Ensorcelled Hibernation  Hex/Ice        ##....       6%          2    None
 Dazzling Spray           Conj/Hex       ##....       12%         3    ##.....


Dungeon Overview and Level Annotations

Branches:
Dungeon (1/1)

Altars:


Innate Abilities, Weirdness & Mutations

You are very small and have problems with some larger weapons.
You are too small for most types of armour.
You have supernaturally acute eyesight. (SInv)
You are a herbivore.
You cover ground extremely quickly.
You need to consume almost no food.


Message History

You hit the necrophage but do no damage.
The necrophage is almost destroyed.
The necrophage hits you but does no damage.
You hit the necrophage.
The necrophage is almost destroyed.
You hit the necrophage but do no damage.
The necrophage is almost destroyed.
The necrophage completely misses you.
You hit the necrophage but do no damage.
The necrophage is almost destroyed.
The necrophage closely misses you.
You hit the necrophage but do no damage.
The necrophage is almost destroyed.
The necrophage closely misses you.
You hit the necrophage.
The necrophage is almost destroyed.
You hit the necrophage but do no damage.
The necrophage is almost destroyed.
The necrophage hits you.
You die...

## ## .## w#
ww # .#. #
#a #+# .##
#a.##.##...#
#+.<@n$#
#aa##.##...#
#. #+# .## #
w#. # .. w.
##$ .## ##
##


You could see a necrophage.

Vanquished Creatures
  3 necrophages (D)
3 creatures vanquished.

Vanquished Creatures (others)
  Menkaure (D)
1 creature vanquished.

Grand Total: 4 creatures vanquished

Notes
Turn   | Place    | Note
-------+----------+-------------------------------------------
     0 | D        | Kidiri the Spriggan Enchanter began the quest for the Orb.
     0 | D        | Reached XP level 1. HP: 9/9 MP: 5/5
     4 | D        | Noticed a worker ant
     4 | D        | Noticed a worker ant
     4 | D        | Noticed a worker ant
     4 | D        | Noticed a worker ant
     7 | D        | Noticed a tyrant leech
     7 | D        | Noticed a tyrant leech
    10 | D        | Noticed a necrophage
    10 | D        | Noticed a necrophage
    10 | D        | Noticed a necrophage
    10 | D        | Noticed a necrophage
    18 | D        | Killed a necrophage
    18 | D        | Reached skill level 1 in Fighting
    18 | D        | Reached skill level 1 in Armour
    18 | D        | Reached skill level 5 in Dodging
    18 | D        | Reached skill level 7 in Stealth
    18 | D        | Reached XP level 2. HP: 15/15 MP: 4/8
    18 | D        | Reached XP level 3. HP: 18/18 MP: 5/10
    18 | D        | Reached XP level 4. HP: 23/23 MP: 5/11
    21 | D        | Killed Menkaure
    31 | D        | Killed a necrophage
    31 | D        | Reached skill level 5 in Short Blades
    31 | D        | Reached skill level 8 in Stealth
    31 | D        | Reached skill level 5 in Hexes
    31 | D        | Reached XP level 5. HP: 26/26 MP: 6/14
    54 | D        | Killed a necrophage
    54 | D        | Reached skill level 9 in Stealth
    63 | D        | HP: 1/26 [necrophage (7)]
   102 | D        | Slain by a necrophage

Vault maps used:
D:        the_violet_keep_of_menkaure

Skill      XL: |  1  2  3  4  5 |
---------------+----------------+-----
Fighting       | 1 2 |  2.7
Short Blades   | 3 5 |  5.7
Armour         | 1 2 |  2.5
Dodging        | 5 7 8 |  8.0
Stealth        | 7 8 9 |  9.2
Spellcasting   | 4 6 |  6.8
Hexes          | 4 5 |  5.6

Action                   |  1- 3 |  4- 6 || total
-------------------------+-------+-------++-------
Melee: Dagger            |     5 |    75 ||    80
 Cast: Corona            |     1 |     7 ||     8
  Use: Potion            |     1 |     2 ||     3
Armor: Robe              |       |     2 ||     2
Dodge: Dodged            |     4 |    51 ||    55

Table legend:
 A = Spawn XP
 B = Non-spawn XP
 C = Spawn XP percentage of total XP
 D = Spawn monster count
 E = Non-spawn monster count
 F = Spawn count percentage of total count
 G = Total turns spent on level
                    A         B        C        D         E        F      G
               +---------+---------+-------+---------+---------+-------+---------
         Total |       0 |     365 |   0.0 |       0 |       3 |   0.0 |   102
               +---------+---------+-------+---------+---------+-------+---------
             D |       0 |     365 |   0.0 |       0 |       3 |   0.0 |   102
               +---------+---------+-------+---------+---------+-------+---------
